 Dungeon Crawl Stone Soup version 0.16.2-12-gd0ad4c3 (webtiles) character file.

920 dvd the Chiller (level 8, -1/54 HPs)
             Began as a Merfolk Ice Elementalist on Oct 31, 2015.
             Was an Initiate of Okawaru.
             Slain by Sigmund
             ... wielding a +2 scythe of flaming
              (4 damage)
             ... on level 5 of the Dungeon.
             The game lasted 00:32:16 (5596 turns).

dvd the Chiller (Merfolk Ice Elementalist)          Turns: 5596, Time: 00:32:16

Health: -1/54      AC:  2    Str:  9    XL:     8   Next: 10%
Magic:  17/20      EV: 19    Int: 15    God:    Okawaru [......]
Gold:   174        SH:  0    Dex: 17    Spells: 4 memorised, 7 levels left

rFire  . . .     SeeInvis .     t - +0 dagger (venom)
rCold  . . .     Clarity  .     a - +0 robe
rNeg   . . .     SustAb   .     (no shield)
rPois  .         Gourm    .     (no helmet)
rElec  .         Spirit   .     (no cloak)
rCorr  .         Warding  .     (no gloves)
rMut   .         Stasis   .     (no boots)
MR     .....                    (no amulet)
Stlth  ++++......               (no ring)
                                h - +2 ring of dexterity

@: heroism, not resistant to hostile enchantments, stealthy
A: change form in water, swift swim
a: Renounce Religion


You were on level 5 of the Dungeon.
You worshipped Okawaru.
Okawaru was noncommittal.
You were not hungry.

You visited 2 branches of the dungeon, and saw 7 of its levels.

You collected 174 gold pieces.

Inventory:

Hand weapons
 f - a +0 long sword
 m - a +0 short sword
 q - a +0 dagger of draining
 t - a +0 dagger of venom (weapon)
 A - a +0 trident
Missiles
 B - 3 tomahawks (quivered)
Armour
 a - a +0 robe (worn)
Jewellery
 h - a +2 ring of dexterity (left hand)
 w - a cursed ring of fire
Magical devices
 k - a wand of slowing (30)
 r - a wand of slowing (25)
 s - a wand of hasting (9)
 x - a wand of paralysis (12)
Scrolls
 d - a scroll of random uselessness {unknown}
 i - a scroll of immolation {unknown}
 j - 5 scrolls of identify
 l - 2 scrolls of blinking {unknown}
 n - a scroll of enchant weapon
 p - 3 scrolls of remove curse
 v - a scroll of teleportation
Potions
 e - 2 potions of curing
 g - a potion of heal wounds
Books
 b - a book of Frost

   Spells                             Type                      Level
   a - Freeze                         Ice                          1
   b - Throw Frost                    Conjuration/Ice              2
   c - Ozocubu's Armour               Charms/Ice                   3
   d - Throw Icicle                   Conjuration/Ice              4
   e - Summon Ice Beast               Ice/Summoning                4
   f - Condensation Shield            Ice                          4
Comestibles
 c - a bread ration


   Skills:
 + Level 1.3(6.3) Fighting
 + Level 0.2(5.2) Short Blades
 + Level 1.3(6.3) Polearms
 + Level 4.5(9.5) Dodging
 + Level 3.4(8.4) Stealth
 + Level 5.2 Spellcasting
 + Level 0.8 Conjurations
 + Level 2.1 Charms
 + Level 6.7 Ice Magic


You had 7 spell levels left.
You knew the following spells:

 Your Spells              Type           Power        Failure   Level  Hunger
a - Freeze                Ice            ###.         1%          1    None
b - Ozocubu's Armour      Chrm/Ice       ###.....     10%         3    ###....
c - Throw Frost           Conj/Ice       ###...       6%          2    ##.....
d - Condensation Shield   Ice            ###.......   12%         4    ####...


Dungeon Overview and Level Annotations

Branches:
Dungeon (6/15)             Temple (1/1) D:6

Altars:
Cheibriados
Dithmenos
Elyvilon
Kikubaaqudgha
Makhleb
Nemelex Xobeh
Okawaru
Qazlal
Ru
Sif Muna
Xom
Yredelemnul
Zin
The Shining One

Shops:
D:4 ?!}

Annotations:
D:2 Crazy Yiuf
D:4 schauveau's ghost, average GrEE
D:5 Blork the orc; Sigmund
D:6 schauveau's ghost, experienced GrEE


Message History

Nothing appears to happen.
This wand has 13 charges left.
Something barely misses you.
Evoke which item? (* to show all) (? for menu, Esc to quit)
Zapping:
x - a wand of paralysis (13)
Press: ? - help, Shift-Dir - straight line Nothing appears to happen.
This wand has 12 charges left.
Something hits you. Something burns you.
Use which ability? (? or * to list)
You gain the combat prowess of a mighty hero.
You feel slightly more hungry.
You can no longer gain great but temporary skills.
You miss something. Something hits you!
* * * LOW HITPOINT WARNING * * *
Something burns you.
* * * LOW HITPOINT WARNING * * *
You hit something. Your punch misses something. You closely miss something.
Something hits you!
* * * LOW HITPOINT WARNING * * *
Something burns you.
You die...

#......! +.......#
#.......# ##. #.......#
.#... #.......######
.'..[.#............#
#....#............#
#....'............#
##...#....@.......#####
#.. #....{............
... #.)(....).........
... #................ .
+................
#................
#............###
#............#
'............#


There were no monsters in sight!

Vanquished Creatures
  Eustachio (D:5)
  2 ogres
  2 centaurs
  A scorpion (D:5)
  A hound (D:3)
  A crimson imp (D:5)
  2 orc priests
  A centaur skeleton (D:5)
  2 orc wizards
  2 worker ants
  Natasha (D:6)
  Jessica (D:2)
  A mummy (D:5)
  3 adders
  A gnoll (D:4)
  A worm (D:3)
  16 orcs
  A bat skeleton (D:6)
  2 giant cockroaches (D:4)
  6 goblins
  7 hobgoblins
  4 jackals (D:3)
  6 kobolds
  A ball python (D:3)
  12 bats
  2 giant geckos
  5 giant newts
  3 quokkas
  13 rats
101 creatures vanquished.

Notes
Turn   | Place    | Note
--------------------------------------------------------------
     0 | D:1      | dvd, the Merfolk Ice Elementalist, began the quest for the Orb.
     0 | D:1      | Reached XP level 1. HP: 13/13 MP: 3/3
   337 | D:1      | Reached XP level 2. HP: 17/19 MP: 2/4
   789 | D:2      | Reached skill level 4 in Ice Magic
   789 | D:2      | Reached XP level 3. HP: 22/24 MP: 1/6
   842 | D:2      | Learned a level 3 spell: Ozocubu's Armour
  1025 | D:2      | Noticed Jessica
  1031 | D:2      | Killed Jessica
  1337 | D:2      | Noticed Crazy Yiuf
  1362 | D:1      | Learned a level 2 spell: Throw Frost
  1576 | D:3      | Reached XP level 4. HP: 30/30 MP: 0/8
  2231 | D:3      | Reached XP level 5. HP: 19/36 MP: 0/11
  2935 | D:4      | Found Wawilumo's Gadget Shoppe.
  3002 | D:4      | Noticed schauveau's ghost (average GrEE)
  3023 | D:5      | Entered Level 5 of the Dungeon
  3031 | D:5      | Noticed an ogre
  3034 | D:5      | Noticed Eustachio
  3044 | D:5      | Killed an ogre
  3044 | D:5      | Reached skill level 1 in Charms
  3044 | D:5      | Reached skill level 5 in Ice Magic
  3044 | D:5      | Reached XP level 6. HP: 42/42 MP: 11/15
  3066 | D:5      | Killed Eustachio
  3429 | D:6      | Found a shadowy altar of Dithmenos.
  3429 | D:6      | Noticed Natasha
  3430 | D:6      | Found a stormy altar of Qazlal.
  3440 | D:6      | Killed Natasha
  3517 | D:6      | Found a staircase to the Ecumenical Temple.
  3521 | Temple   | Entered the Ecumenical Temple
  3682 | Temple   | Became a worshipper of Warmaster Okawaru
  3744 | D:6      | Reached XP level 7. HP: 7/47 MP: 11/18
  3831 | D:6      | Noticed schauveau's ghost (experienced GrEE)
  3846 | D:5      | Noticed Blork the orc
  4110 | D:4      | Learned a level 4 spell: Condensation Shield
  4229 | D:4      | Found Fiatysch's Magic Scroll Emporium.
  4240 | D:4      | Reached skill level 6 in Ice Magic
  4265 | D:4      | Reached skill level 1 in Fighting
  4317 | D:4      | Found Qeabemib's Distillery.
  4411 | D:4      | Reached skill level 5 in Spellcasting
  5123 | D:5      | Noticed a centaur
  5139 | D:5      | Killed a centaur
  5139 | D:5      | Acquired Okawaru's first power
  5139 | D:5      | Reached XP level 8. HP: 9/54 MP: 13/20
  5332 | D:5      | Reached skill level 1 in Polearms
  5555 | D:5      | Noticed Sigmund
  5596 | D:5      | Slain by Sigmund

Action                   |  1- 3 |  4- 6 |  7- 9 || total
-------------------------+-------+-------+-------++-------
Melee: Spear             |     8 |    29 |       ||    37
       Dagger            |       |    22 |    63 ||    85
       Trident           |       |       |    32 ||    32
 Cast: Freeze            |    43 |    61 |    31 ||   135
       Ozocubu's Armour  |     5 |    12 |    15 ||    32
       Throw Frost       |       |     4 |     5 ||     9
       Condensation Shie |       |       |     7 ||     7
Invok: Heroism           |       |       |     1 ||     1
Evoke: Wand              |       |       |     3 ||     3
  Use: Scroll            |       |     3 |     5 ||     8
       Potion            |       |     2 |     4 ||     6
 Stab: Sleeping          |     3 |       |     2 ||     5
  Eat: Chunk             |     3 |     7 |     4 ||    14
       Fruit             |       |     1 |     2 ||     3
       Bread ration      |       |       |     1 ||     1
